 Dungeon Crawl Stone Soup version 0.17.1-3-g152610e (webtiles) character file.

319 juanjsm the Sneak (level 6, -1/43 HPs)
             Began as a Spriggan Enchanter on Mar 15, 2016.
             Slain by a slave (2 damage)
             ... led by Pikel
             ... on level 4 of the Dungeon.
             The game lasted 00:29:54 (4396 turns).

juanjsm the Sneak (Spriggan Enchanter)              Turns: 4396, Time: 00:29:54

Health: -1/43      AC: 23    Str: 11    XL:     6   Next: 21%
Magic:  10/13      EV:  4    Int: 16    God:
Gold:   171        SH:  0    Dex: 17    Spells: 6 memorised, 1 level left

rFire  . . .     SeeInvis +     a - +1 dagger
rCold  . . .     Clarity  .     (armour currently unavailable)
rNeg   + + +     SustAt   .     (shield restricted)
rPois  +         Gourm    .     (helmet currently unavailable)
rElec  .         Spirit   .     (cloak currently unavailable)
rCorr  .         Warding  .     (gloves unavailable)
rMut   .         NoTele   +     (boots unavailable)
MR     ++...                    (no amulet)
Stlth  +++++.....               t - ring of teleportation (curse)
                                e - ring of protection from magic

@: mighty, tree-form, very slightly contaminated, very resistant to hostile
enchantments, quite stealthy
A: unfitting armour, see invisible, herbivore 3, (speed 0), slow metabolism 2
a: Evoke Teleportation


You were on level 4 of the Dungeon.
You were not hungry.
You were a tree.
You visited 1 branch of the dungeon, and saw 4 of its levels.

You collected 171 gold pieces.

Inventory:

Hand Weapons
 a - a +1 dagger (weapon)
Armour
 b - a +1 robe (melded)
 s - a +0 cloak (melded)
Jewellery
 e - a ring of protection from magic (left branch)
 t - a cursed ring of teleportation (right branch)
Scrolls
 f - a scroll of magic mapping {unknown}
 g - a scroll of remove curse
 l - a scroll of amnesia {unknown}
 r - a scroll of random uselessness {unknown}
 u - a scroll of enchant weapon {unknown}
 v - a scroll of fog {unknown}
 y - a scroll of enchant armour {unknown}
Potions
 h - a potion of flight
 i - a potion of curing
 m - a potion of haste
 n - a potion of cure mutation {unknown}
 o - a potion of might
 p - a potion of brilliance {unknown}
 q - a potion of invisibility {unknown}
 x - a potion of agility {unknown}
Books
 c - a book of Maledictions

   Spells                             Type                      Level
   a - Corona                         Hexes                        1
   b - Ensorcelled Hibernation        Hexes/Ice                    2
   c - Confuse                        Hexes                        3
   d - Tukima's Dance                 Hexes                        3
   e - Dazzling Spray                 Conjuration/Hexes            3
 k - a book of Geomancy

   Spells                             Type                      Level
   a - Sandblast                      Earth                        1
   b - Stoneskin                      Transmutation/Earth          2
   c - Passwall                       Transmutation/Earth          3
   d - Stone Arrow                    Conjuration/Earth            3
   e - Petrify                        Transmutation/Earth          4
   f - Lee's Rapid Deconstruction     Earth                        5
 w - a book of Clouds

   Spells                             Type                      Level
   a - Mephitic Cloud                 Conjuration/Poison/Air       3
   b - Conjure Flame                  Conjuration/Fire             3
   c - Poisonous Cloud                Conjuration/Poison/Air       6
   d - Freezing Cloud                 Conjuration/Ice/Air          6
   e - Ring of Flames                 Charms/Fire                  7
Comestibles
 d - 2 bread rations
 z - a slice of pizza


   Skills:
 + Level 0.7 Fighting
 * Level 2.1 Short Blades
 + Level 4.5 Dodging
 + Level 6.8 Stealth
 + Level 4.1 Spellcasting
 + Level 5.0 Hexes
 - Level 1.0 Ice Magic


You had one spell level left.
You knew the following spells:

 Your Spells              Type           Power        Failure   Level  Hunger
a - Corona                Hex            ###....      1%          1    None
b - Ensorcelled Hibernat  Hex/Ice        ##....       10%         2    ##.....
c - Confuse               Hex            ###.....     8%          3    ###....
d - Sandblast             Erth           #.....       17%         1    None
e - Stoneskin             Trmt/Erth      #.......     24%         2    ##.....
f - Dazzling Spray        Conj/Hex       ##......     17%         3    ###....


Dungeon Overview and Level Annotations

Branches:
Dungeon (4/15)
 Temple: D:4-7

Altars:
Zin
The Shining One

Annotations:
D:2 Terence
D:4 Pikel; kaze's ghost, amateur GrFi


Innate Abilities, Weirdness & Mutations

You are tiny and cannot use many weapons and most armour.
You have supernaturally acute eyesight.
You are a herbivore.
((You cover ground extremely quickly.))
You need consume almost no food.


Message History

* * * LOW HITPOINT WARNING * * *
The slave hits you but does no damage. x2
You hit Pikel.
Pikel is almost dead.
Pikel hits you but does no damage. The slave hits you but does no damage.
The slave hits you but does no damage.
You barely miss Pikel.
Pikel is almost dead.
Pikel hits you but does no damage. The slave closely misses you.
The slave hits you.
* * * LOW HITPOINT WARNING * * *
You hit Pikel.
Pikel is almost dead.
Pikel hits you but does no damage. The slave barely misses you.
The slave hits you but does no damage.
You closely miss Pikel.
Pikel is almost dead.
Pikel hits you but does no damage. The slave hits you but does no damage.
The slave hits you.
You die...

## #. #. ### #.
#p####### #.
#♣p.....# ##
#K#####.####### #
#p# #.##....####
#.# #p##......).
#.#####.##p....>..
#......p.p...p...#
#######.##.......#
#.##.#..#..#
#.##.#.#....


You could see Pikel and 3 slaves.

Vanquished Creatures
  A slave (D:4)
  2 orc priests (D:3)
  A centaur skeleton (D:4)
  A worker ant (D:4)
  Robin (D:3)
  4 gnolls (D:3)
  8 adders
  A worm (D:3)
  An orc (D:3)
  7 bats
  5 giant cockroaches
  13 goblins
  15 hobgoblins
  2 jackals (D:2)
  2 quokkas (D:3)
  4 giant geckos
  A giant gecko skeleton (D:4)
  3 giant newts
  5 kobolds
  8 rats
85 creatures vanquished.

Notes
Turn   | Place    | Note
--------------------------------------------------------------
     0 | D:1      | juanjsm the Spriggan Enchanter began the quest for the Orb.
     0 | D:1      | Reached XP level 1. HP: 9/9 MP: 5/5
   316 | D:1      | Reached XP level 2. HP: 13/13 MP: 6/6
   320 | D:1      | Learned a level 2 spell: Ensorcelled Hibernation
   350 | D:1      | Reached skill level 5 in Stealth
   621 | D:1      | Reached XP level 3. HP: 16/16 MP: 5/8
   626 | D:1      | Learned a level 3 spell: Confuse
   698 | D:1      | Found a glowing golden altar of the Shining One.
  1186 | D:2      | Noticed Terence
  1287 | D:2      | Found a glowing silver altar of Zin.
  1525 | D:3      | Reached XP level 4. HP: 16/21 MP: 1/9
  1876 | D:3      | Reached skill level 1 in Ice Magic
  1908 | D:3      | Learned a level 1 spell: Sandblast
  1911 | D:3      | Learned a level 2 spell: Stoneskin
  1947 | D:3      | Noticed Robin
  1968 | D:3      | Killed Robin
  1968 | D:3      | Reached skill level 6 in Stealth
  2133 | D:3      | Reached XP level 5. HP: 9/25 MP: 1/11
  3409 | D:4      | Noticed kaze's ghost (amateur GrFi)
  3450 | D:4      | Reached XP level 6. HP: 29/29 MP: 0/13
  3456 | D:4      | Learned a level 3 spell: Dazzling Spray
  3512 | D:4      | Noticed a slave
  3512 | D:4      | Noticed a slave
  3624 | D:4      | Reached skill level 5 in Hexes
  4259 | D:4      | Noticed a slave
  4263 | D:4      | Noticed a slave
  4264 | D:4      | Noticed Pikel
  4382 | D:4      | Killed a slave
  4387 | D:4      | HP: 2/43 [slave[Pikel] (5)]
  4394 | D:4      | HP: 1/43 [slave[Pikel] (6)]
  4396 | D:4      | Slain by a slave

Action                   |  1- 3 |  4- 6 || total
-------------------------+-------+-------++-------
Melee: Dagger            |    86 |    39 ||   125
       Short sword       |       |   111 ||   111
 Cast: Corona            |     6 |     5 ||    11
       Ensorcelled Hiber |    28 |    48 ||    76
       Confuse           |       |     4 ||     4
  Use: Scroll            |       |     6 ||     6
       Potion            |       |     4 ||     4
 Stab: Sleeping          |    31 |    26 ||    57
       Confused          |       |     3 ||     3
       Distracted        |       |     1 ||     1
  Eat: Pizza             |       |     2 ||     2
       Royal jelly       |       |     1 ||     1
